 Dungeon Crawl Stone Soup version bcrawl-1.24.2 (webtiles) character file.

Game seed: 11728074424941558289

14 Mulkerokala the Conjurer (level 2, -6/17 HPs)
             Began as a Fairy Conjurer on June 25, 2020.
             Mangled by a hobgoblin
             ... wielding a +0 spear
              (9 damage)
             ... on level 2 of the Dungeon.
             The game lasted 00:03:12 (1107 turns).

Mulkerokala the Conjurer (Fairy Conjurer)           Turns: 1107, Time: 00:03:12

Health: -6/17      AC:  3    Str:  6    XL:     2   Next: 41%
Magic:  7/7        EV: 16    Int: 18    God:
Gold:   20         SH:  3    Dex: 12    Spells: 5/6 levels left

rFire    . . .     SeeInvis .     - Fists (2.4)
rCold    . . .     Gourm    .   (shield restricted)
rNeg     . . .     Faith    .   (armour unavailable)
rPois    .         Spirit   .   (no helmet)
rElec    .         Reflect  .   (no cloak)
rCorr    .         Harm     .   (no gloves)
MR       .....                  (no boots)
Stlth    +.........             (no amulet)
HPRegen  0.05/turn              (no ring)
MPRegen  0.10/turn              (no ring)

@: flying evasively
A: small, magic attunement, unstealthy, unfitting armour, able to fly, AC/SH +3
a: Stop Flying


You were on level 2 of the Dungeon.
You were not hungry.

You visited 1 branch of the dungeon, and saw 2 of its levels.

You collected 20 gold pieces.

Inventory:

Armour
 a - a cursed +0 scale mail
Jewellery
 d - a cursed ring of teleportation {unknown}
Scrolls
 c - a scroll of identify {unknown}
Potions
 b - a potion of magic
Comestibles
 e - 2 rations {!d}
 f - a chunk of flesh


   Skills:
 + Level 2.8 Dodging
 + Level 1.6 Stealth
 + Level 2.9 Spellcasting
 + Level 5.3 Conjurations


You had 5 spell levels left.
You knew the following spells:

 Your Spells              Type           Power        Failure   Level  Hunger
a - Magic Dart            Conj           ###.         1%          1    None

Your spell library contained the following spells:

 Spells                   Type           Power        Failure   Level  Hunger
 Searing Ray              Conj           ###.....     2%          2    None
 Iskenderun's Mystic Bla  Conj           ###.....     5%          3    None
 Fulminant Prism          Conj/Hex       ##........   50%         4    None
 Irradiate                Conj/Tmut      ##........   83%         5    None


Dungeon Overview and Level Annotations

Branches:
Dungeon (2/12)

Altars:


Innate Abilities, Weirdness & Mutations

Your spells do not cause hunger and MP costs are reduced by 1.
Your bright wings attract enemies. (Stealth-)
You cannot fit into any form of body armour.
Your shimmering scales are hard and can block incoming attacks. (AC +3, SH +3)
You are small and have problems with some larger weapons.
You can fly continuously.


Message History

You block the giant cockroach's attack. The hobgoblin barely misses you.
The giant cockroach completely misses you.
The giant cockroach closely misses you. You block the hobgoblin's attack.
The giant cockroach misses you. The hobgoblin misses you.
The giant cockroach misses you. The hobgoblin barely misses you.
The giant cockroach bites you but does no damage.
The hobgoblin hits you from afar with a +0 spear.
* * * LOW HITPOINT WARNING * * *
The giant cockroach closely misses you. The hobgoblin closely misses you.
The giant cockroach bites you but does no damage.
The giant cockroach bites you but does no damage.
The hobgoblin hits you but does no damage.
The giant cockroach bites you.
* * * LOW HITPOINT WARNING * * *
The hobgoblin hits you from afar with a +0 spear!
Ouch! That really hurt!
You die...

##....<...#################
# #........# ######
#.##........##.....#
#....########.......
#.##..[#####........ #
###....##........
####.##........
#.##..g..... #.##@.......
#.##)s..#### #...#.......
###..#..#### ##.#### .# .#
.. ..


You could see a giant cockroach and a hobgoblin.

Vanquished Creatures
  A dart slug (D:1)
  An orc (D:2)
  3 giant cockroaches
  A jackal (D:1)
  A bat (D:1)
  A frilled lizard (D:1)
  3 rats
11 creatures vanquished.

Notes
Turn   | Place    | Note
-------+----------+-------------------------------------------
     0 | D:1      | Mulkerokala the Fairy Conjurer began the quest for the Orb.
     0 | D:1      | Reached XP level 1. HP: 11/11 MP: 6/6
   135 | D:1      | Reached skill level 5 in Conjurations
   570 | D:1      | Reached XP level 2. HP: 17/17 MP: 7/7
  1107 | D:2      | Mangled by a hobgoblin

Skill      XL: |  1 |
---------------+----+-----
Conjurations   | 5 |  5.3
Dodging        | |  2.8
Stealth        | |  1.6
Spellcasting   | |  2.9

Action                   || total
-------------------------++-------
Melee: Unarmed           ||     8
 Cast: Magic Dart        ||    24
Armor: Skin              ||     8
Dodge: Dodged            ||    37
Block: Other             ||     3
